Map: Zentralprotokoll

Players

lebreton - Winner!

  • Race: Zerg Zerg
  • League: Silver

eLeeha

  • Race: Terran Terran
  • League: Silver

VOD

Have the link to the VOD?

Description

Time

  • Played on: Jan. 23, 2016, 3:40 a.m.
  • Length: 20:35
Show
View Real Time Build Order
Export as new Build Order

lebreton Zerg - Winner!

Build Orders: Hatch First, Muta Ling Bane 

Get SALT Encoding   

  12  0:05  Drone  
  13  0:10  Drone  
  14  0:17  Overlord  
  14  0:27  Overlord  
  14  0:37  Drone  
  14  0:39  Drone  
  16  0:49  Drone  
  17  1:07  Hatchery, Drone  
  17  1:21  Spawning Pool  
  17  1:22  Drone  
  17  1:24  Drone  
  19  1:32  Drone  
  19  1:42  Drone  
  20  1:48  Extractor x2  
  20  1:53  Drone  
  19  2:05  Drone  
  20  2:09  Queen  
  20  2:14  Drone  
  23  2:20  Zergling x2  
  23  2:22  Queen  
  24  2:25  Drone  
  27  2:33  Zergling x2  
  28  2:37  Zergling x2  
  28  2:42  Drone  
  30  2:53  Zergling x4  
  30  2:57  Metabolic Boost  
  32  3:00  Drone  
  33  3:09  Drone x2  
  35  3:15  Lair  
  35  3:25  Baneling Nest  
  34  3:51  Overlord, Zergling x2  
  34  3:52  Zergling x2  
  35  4:03  Overlord x3  
  35  4:09  Drone x3  
  39  4:10  Drone  
  39  4:19  Baneling x2  
  39  4:20  Baneling  
  39  4:22  Drone x2  
  41  4:28  Spire  
  40  4:33  Drone x2  
  42  4:48  Hydralisk Den  
  42  4:50  Zergling x2  
  42  4:51  Zergling x2  
  43  4:55  Drone x2  
  43  4:59  Extractor  
  44  5:03  Extractor  
  43  5:18  Lurker Den  
  43  5:23  Drone x2  
  43  5:24  Drone x5  
  50  5:32  Drone x3  
  50  5:33  Drone x3  
  56  6:03  Mutalisk x5  
  64  6:05  Overlord x2  
  64  6:06  Overlord x3  
  64  6:10  Zerg Flyer Weapons Level 1  
  66  6:11  Hatchery  
  66  6:16  Centrifical Hooks  
  65  6:28  Evolution Chamber  
  65  6:29  Pneumatized Carapace  
  64  6:33  Evolution Chamber  
  64  6:35  Evolution Chamber  
  61  6:44  Overseer  
  61  6:48  Zergling x10  
  61  6:49  Zergling x10  
  71  7:16  Zergling x8  
  71  7:17  Zergling x6  
  71  7:20  Zerg Missile Weapons Level 1  
  76  7:51  Mutalisk x4  
  76  7:52  Mutalisk x3  
  86  8:11  Drone x4  
  86  8:12  Drone x3  
  93  8:15  Queen  
  93  8:16  Drone  
  96  8:39  Drone x3  
  96  8:40  Drone x4  
  103  8:45  Extractor  
  103  8:47  Extractor  
  101  8:59  Muscular Augments  
  101  9:00  Zerg Ground Armor Level 1  
  101  9:03  Zerg Melee Weapons Level 1  
  101  9:04  Zerg Flyer Weapons Level 2  
  101  9:10  Hatchery  
  101  9:11  Infestation Pit, Extractor  
  101  9:13  Hydralisk x4  
  101  9:14  Hydralisk x2  
  101  9:16  Extractor  
  107  9:38  Drone x2  
  107  9:51  Lurker x3  
  110  9:54  Drone x3  
  110  9:59  Overlord  
  113  10:00  Overlord x7  
  113  10:08  Hive  
  113  10:30  Spire  
  113  10:34  Zerg Missile Weapons Level 2  
  112  10:42  Hatchery  
  111  10:43  Baneling x3  
  111  10:44  Baneling x4  
  111  10:51  Drone x6  
  111  10:52  Drone x7  
  111  10:53  Drone  
  111  10:56  Drone x3  
  128  10:58  Queen  
  128  11:03  Corruptor x3  
  136  11:10  Queen  
  138  11:26  Greater Spire  
  138  11:30  Zerg Melee Weapons Level 2  
  138  11:35  Adrenal Glands  
  138  12:05  Zerg Flyer Armor Level 1  
  138  12:17  Queen  
  138  12:19  Drone  
  138  12:20  Drone x7  
  138  12:21  Drone  
  149  12:24  Drone x2  
  149  12:26  Extractor  
  150  12:30  Extractor  
  150  12:32  Corruptor x3  
  150  12:33  Corruptor x3  
  161  12:50  Zerg Ground Armor Level 2  
  161  12:59  Zerg Missile Weapons Level 3  
  161  13:01  Pathogen Glands  
  161  13:03  Zerg Flyer Weapons Level 3, Spore Crawler  
  161  13:04  Spore Crawler x3  
  157  13:06  Spore Crawler  
  157  13:07  Corruptor x7  
  157  13:08  Corruptor  
  172  13:26  Spore Crawler  
  171  13:53  Zerg Melee Weapons Level 3  
  171  14:02  Ultralisk Cavern  
  170  14:38  Overlord x4  
  170  14:39  Overlord x3  
  159  15:31  Baneling x2  
  159  15:32  Baneling x7  
  159  15:33  Baneling x8  
  159  15:34  Baneling  
  159  15:39  Drone  
  159  15:40  Hatchery, Drone x7  
  166  15:54  Hatchery  
  166  15:55  Zerg Flyer Armor Level 2  
  165  15:57  Zerg Ground Armor Level 3  
  165  16:20  Brood Lord x3  
  165  16:21  Brood Lord  
  173  16:32  Extractor x2  
  166  16:43  Drone  
  166  16:45  Drone x2  
  166  16:46  Drone  
  172  16:48  Drone x2  
  172  16:49  Drone  
  143  17:41  Queen  
  143  17:42  Drone x3  
  148  17:46  Extractor  
  148  17:48  Extractor  
  146  18:13  Drone  
  146  18:14  Drone, Extractor  
  146  18:16  Extractor  
  146  18:17  Drone  
  149  18:24  Hatchery  
  146  18:40  Zergling x4  
  146  18:41  Zergling x14  
  152  18:42  Zergling x16  
  152  18:43  Zergling x14  
  152  18:44  Zergling x6  
  165  19:12  Brood Lord x5  
  165  19:13  Brood Lord x8  
  183  19:18  Corruptor x4  
  183  19:19  Corruptor x4  
  199  19:50  Hatchery  
Show
View Real Time Build Order
Export as new Build Order

eLeeha Terran 

Build Orders:  

Get SALT Encoding   

  12  0:01  SCV  
  13  0:13  SCV  
  14  0:17  Supply Depot  
  14  0:25  SCV  
  15  0:39  SCV  
  15  0:41  Barracks  
  16  0:51  SCV  
  16  0:55  Refinery  
  17  1:03  SCV  
  18  1:15  SCV  
  19  1:35  Orbital Command  
  19  1:38  Command Center  
  19  1:39  Marine  
  20  1:53  Refinery  
  20  1:58  Barracks  
  20  1:59  Marine  
  21  2:05  SCV  
  22  2:18  Supply Depot  
  22  2:21  SCV  
  23  2:33  Factory  
  23  2:40  SCV  
  23  2:43  Barracks Tech Lab  
  23  2:52  SCV  
  23  2:54  Orbital Command  
  24  2:59  Marine  
  24  3:04  SCV, Supply Depot  
  26  3:13  Engineering Bay  
  26  3:19  Factory Tech Lab  
  26  3:27  Factory  
  26  3:30  Barracks Reactor  
  26  3:32  SCV  
  27  3:38  SCV  
  28  3:42  Marine  
  28  3:44  SCV  
  29  4:00  Marine  
  30  4:11  Siege Tank  
  30  4:12  Factory Tech Lab  
  33  4:18  Marine  
  33  4:21  Marine x2  
  36  4:29  Terran Infantry Armor Level 1  
  36  4:33  Supply Depot  
  36  4:35  SCV  
  36  4:36  Marine  
  36  4:38  Supply Depot  
  38  4:44  Siege Tank  
  42  5:02  Marine x3  
  42  5:04  Siege Tank  
  47  5:09  SCV  
  48  5:16  Siege Tank  
  51  5:21  SCV  
  51  5:25  Marine x3  
  55  5:31  Supply Depot  
  55  5:33  SCV  
  56  5:37  Starport  
  56  5:42  Marine  
  56  5:45  SCV  
  58  5:50  Marine x2  
  60  5:58  Supply Depot  
  60  6:00  SCV, Marine  
  60  6:02  Siege Tank  
  65  6:06  Liberator  
  65  6:12  SCV  
  66  6:21  Barracks  
  55  6:25  Orbital Command  
  69  6:43  Siege Tank  
  72  6:49  Liberator  
  72  6:57  SCV  
  72  6:58  SCV  
  77  7:10  SCV x2  
  78  7:22  SCV  
  70  7:44  SCV x2  
  70  7:49  Liberator  
  71  7:56  SCV x2  
  71  8:08  SCV x2  
  71  8:20  SCV x2  
  72  8:31  Liberator  
  72  8:32  SCV  
  72  8:33  Missile Turret  
  73  8:34  Refinery  
  73  8:35  Refinery  
  73  8:38  Missile Turret  
  73  8:40  SCV, Missile Turret  
  74  8:43  Marine x2  
  74  8:44  SCV, Marine  
  78  8:52  SCV  
  82  9:01  Marine  
  82  9:02  SCV  
  84  9:04  SCV  
  84  9:05  Terran Infantry Weapons Level 1  
  85  9:14  SCV  
  86  9:20  Factory Tech Lab  
  86  9:28  Missile Turret  
  86  9:43  Missile Turret  
  86  9:56  Supply Depot  
  86  9:58  Supply Depot  
  86  10:04  Supply Depot, Missile Turret  
  86  10:13  Armory  
  86  10:17  SCV x2, Marine x3  
  86  10:19  Stimpack  
  91  10:29  SCV x2  
  91  10:35  Marine  
  94  10:41  SCV x2  
  96  10:48  Marine  
  96  10:49  Marine  
  98  10:52  Marine  
  98  10:53  SCV  
  100  11:06  Marine x2  
  100  11:07  Thor  
  100  11:10  Marine  
  109  11:16  Command Center  
  109  11:22  SCV, Missile Turret  
  110  11:33  Supply Depot  
  110  11:34  Supply Depot  
  110  11:35  Supply Depot  
  110  11:36  Terran Infantry Weapons Level 2  
  110  11:37  Supply Depot  
  110  11:44  Missile Turret  
  110  11:54  Marine x3  
  110  11:55  SCV x2, Thor  
  110  11:57  Factory  
  110  11:58  Barracks Reactor  
  121  12:02  Factory  
  121  12:06  Missile Turret  
  121  12:07  SCV  
  122  12:09  SCV  
  122  12:12  Marine x2  
  125  12:19  SCV  
  125  12:20  Combat Shields  
  125  12:21  SCV  
  127  12:27  Missile Turret  
  127  12:29  Marine  
  128  12:30  Missile Turret, Marine x2  
  128  12:31  SCV  
  128  12:36  Orbital Command  
  137  12:40  SCV  
  137  12:41  Thor  
  137  12:43  SCV  
  139  12:50  Refinery, Missile Turret  
  139  12:52  SCV  
  139  12:54  Factory Tech Lab  
  139  12:55  SCV, Marine, Refinery, Factory Tech Lab  
  139  12:56  Marine x4  
  146  13:13  Thor  
  146  13:17  Marine x5  
  157  13:45  Supply Depot  
  157  13:46  Supply Depot  
  157  13:47  Supply Depot  
  157  13:48  Supply Depot  
  157  13:50  Liberator  
  157  13:51  Supply Depot  
  157  13:52  Supply Depot  
  157  14:06  Thor, Marine  
  157  14:07  Thor  
  173  14:48  Thor x2  
  173  14:49  Thor  
  173  14:50  Thor, Raven  
  199  15:51  Terran Vehicle Weapons Level 1  
  199  15:52  Command Center  
  199  16:10  Factory  
  199  16:11  Factory  
  199  16:13  Starport  
  199  16:15  Factory  
  199  16:16  Command Center  
  91  17:28  Thor x2  
  91  17:29  Thor  
  62  17:31  Thor  
  57  17:41  Marine x2  
  57  17:42  Marine x3  
  62  17:45  Terran Vehicle And Ship Armor Level 1  
  62  17:54  Missile Turret  
  62  17:55  Missile Turret  
  61  17:58  Missile Turret  
  61  17:59  Marine  
  61  18:10  Marine x4  
  61  18:11  Thor x2  
  61  18:12  Thor  
  81  18:17  Marine  
  88  18:23  Missile Turret  
  86  18:31  Thor  
  79  18:54  Thor  
  70  19:43  Orbital Command  
Tags
 
Add a new tag
Caveats
  • Supply blocks, unpowered buildings, or Contaminate may cause inaccurate times.
  • Supply counts are checked every 10 seconds.